 Dungeon Crawl Stone Soup version 0.32-a0-19-g28bc0835a1 (webtiles) character file.

Game seed: 8984961236485345219

51 Essalna the Digger (level 3, 0/19 HPs)
             Began as a Gargoyle Earth Elementalist on Jan 17, 2024.
             Slain by a gnoll
             ... wielding a +0 club
              (5 damage)
             ... on level 2 of the Dungeon.
             The game lasted 00:01:31 (1060 turns).

Essalna the Digger (Gargoyle Earth Elementalist)    Turns: 1060, Time: 00:01:32

Health: 0/19       AC:  5    Str: 11    XL:     3   Next: 83%
Magic:  4/7        EV: 11    Int: 17    God:
Gold:   72         SH:  0    Dex: 10    Spells: 6/7 levels left

rFire   . . .        d - +0 whip
rCold   . . .        (no shield)
rNeg    + . .        a - +0 robe
rPois   ∞            (no helmet)
rElec   +            (no cloak)
rCorr   .            (no gloves)
SInv    .            (no boots)
Will    .....        f - amulet of magic regeneration
Stlth   ++           (no ring)
HPRegen 0.23/turn    (no ring)
MPRegen 0.50/turn

%: no passive effects
@: very slightly contaminated
A: sickness immunity, AC +3, negative energy resistance 1, electricity
resistance, torment resistance 1, petrification resistance
a: no special abilities


You were on level 2 of the Dungeon.
You visited 1 branch of the dungeon, and saw 2 of its levels.

You collected 72 gold pieces.

Inventory:

Hand Weapons
 d - a +0 whip (weapon)
Armour
 a - a +0 robe (worn)
Jewellery
 f - an amulet of magic regeneration (around neck)
Scrolls
 g - a scroll of teleportation {unknown}
Potions
 b - a potion of magic
 c - a potion of invisibility {unknown}
 e - 2 potions of lignification {unknown}
 h - a potion of degeneration {unknown}
 i - a potion of resistance {unknown}


   Skills:
 - Level 1.5 Dodging
 - Level 2.1 Stealth
 + Level 2.7 Spellcasting
 + Level 2.3 Conjurations
 + Level 4.3 Earth Magic


You had 6 spell levels left.
You knew the following spells:

 Your Spells              Type           Power      Damage    Failure   Level
a - Sandblast             Erth           34%        2d9       3%          1

Your spell library contained the following spells:

 Spells                   Type           Power      Damage    Failure   Level
 Passwall                 Erth           17%        N/A       9%          3
 Stone Arrow              Conj/Erth      26%        3d8       14%         3
 Brom's Barrelling Bould  Conj/Erth      13%        2d4       41%         4
 Petrify                  Alch/Erth      9%         N/A       58%         4


Dungeon Overview and Level Annotations

Branches:
Dungeon (2/15)

Altars:


Innate Abilities, Weirdness & Mutations

You are immune to sickness and miasma.
Your stone body is resilient. (AC +3)
You are immune to poison.
You resist negative energy. (rN+)
You are resistant to electric shocks. (rElec)
You are resistant to unholy torment.
You are immune to petrification.


Message History

A gnoll is wielding a +0 whip and quivering 2 throwing nets.
The gnoll shouts! x2; You hear a shout!
There are monsters nearby!
The blast of sand hits the gnoll!
The gnoll is almost dead.
The blast of sand hits the gnoll.
You kill the gnoll!
The blast of sand hits the gnoll!
The gnoll is heavily wounded.
The gnoll barely misses you.
A gnoll comes into view. It is wielding a +0 club.
The blast of sand hits the gnoll.
The gnoll is almost dead.
The gnoll hits you with a +0 whip. x2
You are too injured to fight recklessly!
Casting: Sandblast (safe; 3% risk of failure)
Confirm with . or Enter, or press ? or * to list all spells.
Aiming: Sandblast (safe; 3% risk of failure)
Press: ? - help, Shift-Dir - straight line, f/p - gnoll
Aim: a gnoll, wielding a +0 whip and quivering 2 throwing nets (almost dead, 84% to hit)
You miscast Sandblast.
You are very lightly contaminated with residual magic.
Nothing appears to happen.
The gnoll hits you with a +0 whip.
* * * LOW HITPOINT WARNING * * *
Casting: Sandblast (safe; 3% risk of failure)
Confirm with . or Enter, or press ? or * to list all spells.
Aiming: Sandblast (safe; 3% risk of failure)
Press: ? - help, Shift-Dir - straight line, f/p - gnoll
Aim: a gnoll, wielding a +0 whip and quivering 2 throwing nets (almost dead, 84% to hit)
The blast of sand hits the gnoll.
You kill the gnoll!
Casting: Sandblast (safe; 3% risk of failure)
Confirm with . or Enter, or press ? or * to list all spells.
Aiming: Sandblast (safe; 3% risk of failure)
Press: ? - help, Shift-Dir - straight line, f - gnoll
Aim: a gnoll, wielding a +0 club (84% to hit)
The blast of sand hits the gnoll!
The gnoll is almost dead.
The gnoll misses you. The gnoll hits you with a +0 club.
You die...

#######
###.....# ##
+..>###.#
.## ###.#
#.# g. #.#
#.# .# #.#
#.####)# #.#
#...@g.# #.#
######.....#
#######.#
.#####
........# .#
#######.# .#
#.# ##
#.####.#
#.(....#
#.######


You could see a gnoll.

Vanquished Creatures
  2 gnolls (D:2)
  2 ball pythons
  An endoplasm (D:1)
  A giant cockroach (D:1)
  5 goblins
  5 hobgoblins
  2 quokkas (D:1)
  4 bats (D:1)
  A frilled lizard (D:1)
  2 kobolds
  6 rats
31 creatures vanquished.

Notes
Turn   | Place    | Note
-------+----------+-------------------------------------------
     0 | D:1      | Essalna the Gargoyle Earth Elementalist began the quest for
                  | the Orb.
     0 | D:1      | Reached XP level 1. HP: 10/10 MP: 3/3
   186 | D:1      | Reached XP level 2. HP: 15/15 MP: 0/5
   356 | D:1      | Reached skill level 4 in Earth Magic
   804 | D:2      | Reached XP level 3. HP: 19/19 MP: 4/6
  1060 | D:2      | Slain by a gnoll

Illustrated notes

Levels and vault maps discovered:
D:1:      scummos_arrival_hexagon, layout_basic
D:2:      layout_basic, minmay_indecisive_spiral

Skill      XL: |  1  2 |
---------------+-------+-----
Earth Magic    | 4 |  4.3
Conjurations   | 2 |  2.3
Dodging        | |  1.5
Stealth        | |  2.1
Spellcasting   | |  2.7

Action                     || total
---------------------------++-------
  Melee: Unarmed           ||     7
   Cast: Sandblast         ||    43
 Armour: Robe              ||    10
  Dodge: Dodged            ||    20

Table legend: (Time is in decaauts)
 A = Elapsed time spent in this place.
 B = Non-inter-level travel time spent in this place.
 C = Inter-level travel time spent in this place.
 D = Time resting spent in this place.
 E = Time spent auto-exploring this place.
 F = Levels seen in this place.
 G = Mean time per level.
                   A        B        C        D        E       F      G
               +--------+--------+--------+--------+--------+-----+--------+
         Total |   1080 |   1068 |     12 |      0 |    880 |   2 |  540.0 |
       Dungeon |   1080 |   1068 |     12 |      0 |    880 |   2 |  540.0 |
               +--------+--------+--------+--------+--------+-----+--------+

Top non-repeatable levels by time:
     D:1: 737 daAuts
     D:2: 343 daAuts
